 Dungeon Crawl Stone Soup version 0.29-a0-925-g0a7a3d12f8 (webtiles) character file.

Game seed: 13236682184160365699

127 greasedhog the Shooter (level 5, -3/33 HPs)
             Began as a Gargoyle Hunter on July 29, 2022.
             Killed by divine providence
             ... invoked by an orc priest
              (12 damage)
             ... on level 4 of the Dungeon.
             The game lasted 00:03:04 (2038 turns).

greasedhog the Shooter (Gargoyle Hunter)            Turns: 2038, Time: 00:03:04

Health: -3/33      AC:  7    Str: 15    XL:     5   Next: 11%
Magic:  5/5        EV: 26    Int:  9    God:
Gold:   186        SH:  0    Dex: 15    Spells: 4/4 levels left

rFire   . . .      SeeInvis .   q - +0 dagger (venom)
rCold   . . .      Faith    .   (no shield)
rNeg    + . .      Spirit   .   c - +0 leather armour
rPois   ∞          Reflect  .   (no helmet)
rElec   +          Harm     .   (no cloak)
rCorr   .          Rampage  .   (no gloves)
Will    .....                   (no boots)
Stlth   ++........              d - amulet of the acrobat
HPRegen 0.11/turn               (no ring)
MPRegen 0.09/turn               (no ring)

@: acrobatic
A: sickness immunity, AC +4, negative energy resistance 1, electricity
resistance, torment resistance 1, petrification resistance
a: no special abilities


You were on level 4 of the Dungeon.
You visited 1 branch of the dungeon, and saw 4 of its levels.

You collected 225 gold pieces.
You spent 39 gold pieces at shops.

Inventory:

Hand Weapons
 a - a +0 vorpal shortbow
 o - a +0 falchion
 q - a +0 dagger of venom (weapon)
Armour
 c - a +0 leather armour (worn)
Jewellery
 d - an amulet of the acrobat (around neck)
Scrolls
 b - 2 scrolls of immolation
 j - 4 scrolls of teleportation
 k - a scroll of magic mapping
 l - a scroll of vulnerability {unknown}
 m - a scroll of enchant weapon {unknown}
 p - 3 scrolls of amnesia {unknown}
Potions
 e - 2 potions of curing
 f - a potion of flight {unknown}
 g - 2 potions of brilliance {unknown}
 h - 2 potions of cancellation {unknown}
 i - 2 potions of lignification {unknown}
 n - a potion of mutation {unknown}


   Skills:
 * Level 4.2 Fighting
 * Level 5.2 Ranged Weapons
 - Level 1.5 Dodging
 - Level 1.1 Stealth


You had 4 spell levels left.
You didn't know any spells.
Your spell library contained the following spells:

 Spells                   Type           Power      Damage    Failure   Level
 Corpse Rot               Necr/Pois/Air  0%         N/A       99%         4
 Dispel Undead            Necr           0%         3d6       99%         4
 Death Channel            Necr           0%         N/A       100%        6


Dungeon Overview and Level Annotations

Branches:
Dungeon (4/15)
 Temple: D:4-7

Altars:
Yredelemnul

Shops:
D:1 !((   D:3 *


Innate Abilities, Weirdness & Mutations

You are immune to sickness and miasma.
Your stone body is resilient. (AC +4)
You are immune to poison.
You resist negative energy. (rN+)
You are resistant to electric shocks. (rElec)
You are resistant to unholy torment.
You are immune to petrification.


Message History

No target in view!
No target in view!
No target in view!
No target in view!
No target in view!
No target in view!
No target in view!
No target in view!
No target in view!
No target in view!
No target in view!
There is an open door here.
Things that are here:
a +0 dagger of venom; a +0 club; a goblin corpse
q - a +0 dagger of venom HP restored. 3 orcs and 2 orc priests come into view.
The orc priest shouts!
The orc shouts! x2
You shoot an arrow. The orc shouts!
The arrow hits the orc priest but does no damage.
The orc priest barely misses you.
An endoplasm comes into view.
Your +0 dagger of venom begins to drip with poison!
q - a +0 dagger of venom (weapon)
The orc priest mumbles some strange prayers to Beogh against you.
Beogh smites you!
You completely miss the orc priest. The orc priest barely misses you.
You barely miss the orc priest.
The orc priest looks satisfied for a moment.
The orc priest barely misses you.
You hit the orc priest but do no damage.
The orc priest calls down the wrath of Beogh upon you.
Beogh smites you!
You barely miss the orc priest.
The orc priest hits you with a +0 dagger.
* * * LOW HITPOINT WARNING * * *
The orc priest calls down the wrath of Beogh upon you.
Beogh smites you!
You die...

#############.#
#.##...##.#.##
#.............#
#..##)##..#..#
##.#########..#
#)...#....##.# #.#
##..# ##.......##..#
#.# ...#
+.......'...# #.#
##..# ##.......##..#
#.# #..#
##.........##.# #.#
#.o###...........###
#.#
#.oo@..............
#.#
#o.######.....#####
#.# #J. +#...#+ #.#
#.. ##.## #.# ... .#
#<# ##.. .# #.# ...
### ##.


You could see 2 orc priests, 2 orcs and an endoplasm.

Vanquished Creatures
  An orc priest (D:3)
  An adder (D:2)
  3 dart slugs
  5 orcs (D:3)
  7 ball pythons
  8 endoplasms
  A giant cockroach (D:4)
  6 hobgoblins
  7 jackals
  8 kobolds
  4 quokkas
  5 bats
  5 frilled lizards
  5 goblins
  6 rats
  A spectral orc (D:3)
73 creatures vanquished.

Notes
Turn   | Place    | Note
-------+----------+-------------------------------------------
     0 | D:1      | greasedhog the Gargoyle Hunter began the quest for the Orb.
     0 | D:1      | Reached XP level 1. HP: 12/12 MP: 1/1
    22 | D:1      | Found Mimos's Distillery.
    38 | D:1      | Bought a potion of curing for 39 gold pieces
    71 | D:1      | Found Xueb's Antique Weapon Emporium.
   107 | D:1      | Found Uritt's Weapon Boutique.
   130 | D:1      | Reached XP level 2. HP: 14/18 MP: 2/2
   599 | D:2      | Reached XP level 3. HP: 23/23 MP: 3/3
  1353 | D:3      | Reached XP level 4. HP: 28/28 MP: 4/4
  1366 | D:3      | Found a basalt altar of Yredelemnul.
  1388 | D:3      | Found Qarghasi's General Store.
  1404 | D:3      | Reached skill level 5 in Ranged Weapons
  1809 | D:3      | Reached XP level 5. HP: 30/33 MP: 5/5
  2038 | D:4      | Killed from afar by an orc priest

Illustrated notes

Levels and vault maps discovered:
D:1:      minmay_arrival_four_circles, layout_basic, serial_shops,
          nicolae_shop_waterfront, nicolae_shop_bloodbath_and_beyond,
          nicolae_shop_hallway_plus, minmay_fountain_box
D:2:      layout_basic, amethyst_killhole
D:3:      layout_basic, yredelemnul_forgotten_temple_becter, serial_shops,
          nicolae_shop_hallway_plus, minmay_circle_x
D:4:      black_bear_nest_2, layout_basic, minmay_temple_entry_glass,
          minmay_misc_feat_secret_circle, minmay_pentangle

Skill      XL: |  1  2  3  4 |
---------------+-------------+-----
Fighting       | 3 4 |  4.2
Ranged Weapons | 5 |  5.2
Dodging        | |  1.5
Stealth        | |  1.1

Action                   |  1- 3 |  4- 6 || total
-------------------------+-------+-------++-------
Melee: Dagger            |       |     4 ||     4
 Fire: Shortbow          |    84 |    71 ||   155
  Use: Scroll            |     3 |     1 ||     4
Armor: Leather armour    |    15 |     6 ||    21
Dodge: Dodged            |    40 |    15 ||    55

Table legend: (Time is in decaauts)
 A = Elapsed time spent in this place.
 B = Non-inter-level travel time spent in this place.
 C = Inter-level travel time spent in this place.
 D = Time resting spent in this place.
 E = Time spent auto-exploring this place.
 F = Levels seen in this place.
 G = Mean time per level.
                   A        B        C        D        E       F      G
               +--------+--------+--------+--------+--------+-----+--------+
         Total |   2083 |   2012 |     71 |      0 |   1675 |   4 |  520.8 |
       Dungeon |   2083 |   2012 |     71 |      0 |   1675 |   4 |  520.8 |
               +--------+--------+--------+--------+--------+-----+--------+

Top non-repeatable levels by time:
     D:2: 780 daAuts
     D:3: 607 daAuts
     D:1: 574 daAuts
     D:4: 119 daAuts
